 Dungeon Crawl Stone Soup version 0.21-a0-516-gaaff437 (webtiles) character file.

89 Gerstahl the Twirler (level 4, 0/35 HPs)
             Began as a Demonspawn Gladiator on Dec 3, 2017.
             Succumbed to an orc's poison
             ... on level 3 of the Dungeon.
             The game lasted 00:02:52 (1692 turns).

Gerstahl the Twirler (Demonspawn Gladiator)         Turns: 1692, Time: 00:02:52

Health: 0/35       AC:  6    Str: 15    XL:     4   Next: 31%
Magic:  0/4        EV: 12    Int:  9    God:
Gold:   143        SH:  0    Dex: 15    Spells: 3/3 levels left

rFire    . . .     SeeInvis .   a - +0 quarterstaff
rCold    . . .     Gourm    .   (shield currently unavailable)
rNeg     . . .     Faith    .   b - +0 leather armour
rPois    .         Spirit   +   g - +0 helmet
rElec    .         Reflect  .   (no cloak)
rCorr    .         Harm     .   (no gloves)
MR       .....                  (no boots)
Stlth    +.........             (no amulet)
HPRegen  0.11/turn              (no ring)
MPRegen  0.09/turn              (no ring)

@: lethally poisoned (0 -> -15), flying, hasted, very quick
A: iridescent scales 1, magic shield
a: no special abilities


You were on level 3 of the Dungeon.
You were not hungry.

You visited 1 branch of the dungeon, and saw 3 of its levels.

You collected 143 gold pieces.

Inventory:

Hand Weapons
 a - a +0 quarterstaff (weapon)
Missiles
 d - 3 throwing nets (quivered)
Armour
 b - a +0 leather armour (worn)
 c - a +0 helmet
 g - a +0 helmet (worn)
Jewellery
 j - a cursed ring of teleportation {unknown}
 k - a cursed ring of teleportation {unknown}
Scrolls
 e - 3 scrolls of identify {unknown}
 h - a scroll of amnesia {unknown}
 o - 2 scrolls of teleportation {unknown}
 q - a scroll of random uselessness {unknown}
Potions
 i - a potion of flight
Comestibles
 f - a bread ration
 n - 2 royal jellies
 p - a meat ration
 r - a chunk of flesh


   Skills:
 + Level 3.5 Fighting
 + Level 3.8 Staves
 - Level 1.7 Throwing
 - Level 2.6 Dodging


You had 3 spell levels left.
You didn't know any spells.

Dungeon Overview and Level Annotations

Branches:
Dungeon (3/15)

Altars:
Trog


Innate Abilities, Weirdness & Mutations

You are partially covered in iridescent scales. (AC +2)
When hurt, damage is shared between your health and your magic reserves.


Message History

* * * LOW HITPOINT WARNING * * *
You are poisoned.
You closely miss the orc.
* * * LOW HITPOINT WARNING * * *
You feel sick. The orc barely misses you.
You barely miss the orc. You hit the orc.
The orc is moderately wounded.
* * * LOW HITPOINT WARNING * * *
You feel sick.
The orc hits you with a dagger of venom.
* * * LOW HITPOINT WARNING * * *
You are more poisoned.
You hit the orc but do no damage.
The orc is moderately wounded.
* * * LOW HITPOINT WARNING * * *
You feel sick. The orc misses you.
You barely miss the orc.
The orc is moderately wounded.
You die...

.#####...#
##<......##
#..)......#
##.....##
########.##
##†..## #.#
##+## #.#
###.## ##
#....# ..
#.#..###o##...
#.#...@oo.....
# ##.###g#....
#.# g. # #.#
... ..# #$#
### #


You could see an orc priest, 2 orcs, a hobgoblin and a goblin.

Vanquished Creatures
  3 adders
  2 worms (D:2)
  4 leopard geckos
  3 orcs
  A ball python (D:2)
  4 bats
  3 giant cockroaches
  6 goblins
  7 hobgoblins
  4 kobolds
  2 quokkas
  2 frilled lizards (D:1)
  6 rats
47 creatures vanquished.

Notes
Turn   | Place    | Note
-------+----------+-------------------------------------------
     0 | D:1      | Gerstahl the Demonspawn Gladiator began the quest for the Orb.
     0 | D:1      | Reached XP level 1. HP: 16/16 MP: 1/1
   127 | D:1      | Gained mutation: When hurt, damage is shared between your health and your magic reserves. [demonic ancestry]
   127 | D:1      | Reached XP level 2. HP: 8/23 MP: 2/2
  1191 | D:2      | Reached XP level 3. HP: 27/28 MP: 3/3
  1387 | D:2      | Found a bloodstained altar of Trog.
  1410 | D:2      | Gained mutation: You are partially covered in iridescent scales. (AC +2) [demonic ancestry]
  1410 | D:2      | Reached XP level 4. HP: 31/35 MP: 4/4
  1691 | D:3      | HP: 1/35 [poisoned by an orc]
  1692 | D:3      | Succumbed to an orc's poison

Vault maps used:
D:1:      saegor_arrival_under_anarchy, minmay_misc_feat_nine_boxes
D:2:      trog_butcher_becter
D:3:      first_bread, chequers_ecumenical_altar_simple

Skill      XL: |  1  2  3 |
---------------+----------+-----
Staves         | 3 |  3.8
Fighting       | 3 |  3.5
Throwing       | |  1.7
Dodging        | |  2.6

Action                   |  1- 3 |  4- 6 || total
-------------------------+-------+-------++-------
Melee: Quarterstaff      |   133 |    35 ||   168
  Use: Potion            |       |     3 ||     3
 Stab: Sleeping          |     1 |       ||     1
  Eat: Chunk             |     2 |     1 ||     3
Armor: Leather armour    |    41 |     9 ||    50
Dodge: Dodged            |    97 |    19 ||   116

Table legend:
 A = Spawn XP
 B = Non-spawn XP
 C = Spawn XP percentage of total XP
 D = Spawn monster count
 E = Non-spawn monster count
 F = Spawn count percentage of total count
 G = Total turns spent on level
                    A         B        C        D         E        F      G
               +---------+---------+-------+---------+---------+-------+---------
         Total |       0 |     128 |   0.0 |       0 |      47 |   0.0 |  1692
               +---------+---------+-------+---------+---------+-------+---------
           D:1 |       0 |      32 |   0.0 |       0 |      19 |   0.0 |   971
           D:2 |       0 |      73 |   0.0 |       0 |      23 |   0.0 |   625
           D:3 |       0 |      23 |   0.0 |       0 |       5 |   0.0 |    96
               +---------+---------+-------+---------+---------+-------+---------
